 Dungeon Crawl Stone Soup version 0.24-a0-130-ga3c21ff (webtiles) character file.

Game seed: 1463791968671629361

68 gruber the Twirler (level 4, 0/37 HPs)
             Began as a Minotaur Gladiator on Feb 26, 2019.
             Killed from afar by an orc wizard (10 damage)
             ... with a magic dart
             ... on level 2 of the Dungeon.
             The game lasted 00:02:27 (1250 turns).

gruber the Twirler (Minotaur Gladiator)             Turns: 1250, Time: 00:02:27

Health: 0/37       AC:  3    Str: 18    XL:     4   Next: 1%
Magic:  3/3        EV: 13    Int:  5    God:
Gold:   52         SH:  0    Dex: 13    Spells: 3/3 levels left

rFire    . . .     SeeInvis .   a - +0 quarterstaff
rCold    . . .     Gourm    .   (shield currently unavailable)
rNeg     . . .     Faith    .   b - +0 leather armour
rPois    .         Spirit   .   c - +0 hat
rElec    .         Reflect  .   (no cloak)
rCorr    .         Harm     .   (no gloves)
MR       .....                  (no boots)
Stlth    +.........             (no amulet)
HPRegen  0.12/turn              (no ring)
MPRegen  0.08/turn              (no ring)

@: lethally poisoned (0 -> -2), slowed, very slow
A: retaliatory headbutt, horns 2
a: no special abilities


You were on level 2 of the Dungeon.
You were very hungry.

You visited 1 branch of the dungeon, and saw 2 of its levels.

You collected 52 gold pieces.

Inventory:

Hand Weapons
 a - a +0 quarterstaff (weapon)
Missiles
 d - 3 throwing nets (quivered)
Armour
 b - a +0 leather armour (worn)
 c - a +0 hat (worn)
Scrolls
 e - a scroll of fog {unknown}
 g - a scroll of identify {unknown}
 h - a scroll of amnesia {unknown}
 i - a scroll of random uselessness {unknown}
 j - a scroll of immolation {unknown}
 k - a scroll of enchant armour {unknown}
 m - 2 scrolls of teleportation {unknown}
Potions
 l - a potion of curing {unknown}
Comestibles
 f - 4 rations


   Skills:
 - Level 2.4 Fighting
 + Level 6.0 Staves
 - Level 2.0 Throwing
 - Level 3.2 Dodging


You had 3 spell levels left.
You didn't know any spells.
Your spell library was empty.

Dungeon Overview and Level Annotations

Branches:
Dungeon (2/15)

Altars:


Innate Abilities, Weirdness & Mutations

You reflexively headbutt those who attack you in melee.
You have a pair of horns on your head.


Message History

The orc wizard blinks!
The orc wizard gestures wildly while chanting.
The orc wizard seems to speed up.
The adder misses you.
You closely miss the orc wizard.
The orc wizard hits you with a +2 dagger of speed.
The adder bites you but does no damage. The orc wizard barely misses you.
The orc wizard misses you. The adder barely misses you.
You furiously retaliate!
You headbutt the adder!
Unknown command.
You feel sick.
The orc wizard points at you and mumbles some strange words.
The magic dart hits you!
The orc wizard gestures wildly while chanting.
The orc wizard blinks!
The orc wizard hits you but does no damage.
The orc wizard hits you with a +2 dagger of speed.
* * * LOW HITPOINT WARNING * * *
The orc wizard casts a spell at you. The magic dart hits you!
You die...

..... ##.....#. ###...#...
##........ .
..?.....#####......... ..
##.....................
........###...........)..........
.... ..........#............(....
......!..#..##.##................
K.. ...........o#.............[..
.....o...##.o.§S@o..†...#........
..#g..... #o###.........##.....#.
..........oo ###.........>.#####
.<.......... #.......###.###
..oo........ #.......# #...##
............ #.##.#### ###..#
...o..(..... #...........# ##.#
............ ###.##......# ###
..K...... #.####....#


You could see 3 orc wizards, an adder and an orc.

Vanquished Creatures
  A hound zombie (D:2)
  An adder (D:2)
  An ooze (D:1)
  A worm (D:2)
  2 leopard geckos (D:1)
  2 bats
  A giant cockroach (D:1)
  3 goblins
  11 hobgoblins
  4 frilled lizards
  5 kobolds
  5 rats
37 creatures vanquished.

Notes
Turn   | Place    | Note
-------+----------+-------------------------------------------
     0 | D:1      | gruber the Minotaur Gladiator began the quest for the Orb.
     0 | D:1      | Reached XP level 1. HP: 18/18 MP: 0/0
    64 | D:1      | Reached skill level 4 in Staves
   233 | D:1      | Reached XP level 2. HP: 21/25 MP: 1/1
  1025 | D:1      | Reached skill level 5 in Staves
  1028 | D:1      | Reached XP level 3. HP: 27/30 MP: 2/2
  1241 | D:2      | Reached skill level 6 in Staves
  1241 | D:2      | Reached XP level 4. HP: 37/37 MP: 3/3
  1250 | D:2      | Killed from afar by an orc wizard

Levels and vault maps discovered:
D:1:      psy_arrival_conway, layout_loops_ring, nrook_mini_backslash,
          minmay_statues_item, chequers_big_river
D:2:      layout_rooms, first_ration

Skill      XL: |  1  2  3 |
---------------+----------+-----
Staves         | 4 5 6 |  6.0
Fighting       | |  2.4
Throwing       | |  2.0
Dodging        | |  3.2

Action                   |  1- 3 |  4- 6 || total
-------------------------+-------+-------++-------
Melee: Quarterstaff      |    63 |     4 ||    67
       Headbutt          |    12 |       ||    12
Armor: Leather armour    |    14 |     2 ||    16
Dodge: Dodged            |    52 |     6 ||    58

Table legend:
 A = Non-vault XP
 B = Vault XP
 C = Vault XP percentage of total XP
 D = Non-vault monster count
 E = Vault monster count
 F = Vault count percentage of total count
                 A         B        C        D         E       F
            +---------+---------+-------+---------+---------+-------
      Total |      98 |       0 |   0.0 |      37 |       0 |   0.0
            +---------+---------+-------+---------+---------+-------
        D:1 |      41 |       0 |   0.0 |      22 |       0 |   0.0
        D:2 |      57 |       0 |   0.0 |      15 |       0 |   0.0
            +---------+---------+-------+---------+---------+-------
